 Dungeon Crawl Stone Soup version 0.17.0-27-g4a3f43e (webtiles) character file.

29 oplop the Ducker (level 3, -1/15 HPs)
             Began as a Felid Transmuter on Nov 21, 2015.
             Slain by an adder (5 damage)
             ... on level 2 of the Dungeon.
             The game lasted 00:01:31 (820 turns).

oplop the Ducker (Felid Transmuter)                  Turns: 820, Time: 00:01:31

Health: -1/15      AC:  1    Str: 10    XL:     3   Next: 1%
Magic:  6/7        EV: 18    Int: 14    God:
Gold:   80         SH:  0    Dex: 16    Spells: 1 memorised, 5 levels left
                                        Lives:  0   Deaths: 0

rFire  . . .     SeeInvis +       - Unarmed
rCold  . . .     Clarity  .     (armour unavailable)
rNeg   . . .     SustAt   .     (shield unavailable)
rPois  .         Gourm    .     (helmet unavailable)
rElec  .         Spirit   .     (cloak unavailable)
rCorr  .         Warding  .     (gloves unavailable)
rMut   .         Stasis   .     (boots unavailable)
MR     .....                    (no amulet)
Stlth  ++........               (no ring)
                                g - +3 ring of strength

@: lethally poisoned (-1 -> -9), appendage, quick, not resistant to hostile
enchantments, unstealthy
A: no armour, no weapons or thrown items, claws 1, fangs 3, horns 2, see
invisible, carnivore 3, speed 1, shaggy fur 1, slow metabolism 1, sharp paws
a: End Transformation


You were on level 2 of the Dungeon.
You were not hungry.
You had grown temporary horns.
You visited 1 branch of the dungeon, and saw 2 of its levels.

You collected 80 gold pieces.

Inventory:

Missiles
 a - 38 arrows
Jewellery
 g - a +3 ring of strength (left paw)
Scrolls
 e - 3 scrolls of identify {unknown}
 f - a scroll of recharging {unknown}
 h - 3 scrolls of fear {unknown}
 j - a scroll of enchant armour {unknown}
Potions
 i - a potion of lignification {unknown}
Books
 b - a book of Changes

   Spells                             Type                      Level
   a - Beastly Appendage              Transmutation                1
   b - Sticks to Snakes               Transmutation                2
   c - Spider Form                    Transmutation/Poison         3
   d - Ice Form                       Ice/Transmutation            4
   e - Blade Hands                    Transmutation                5
Comestibles
 c - a meat ration
 d - a slice of pizza


   Skills:
 + Level 1.2 Fighting
 + Level 3.4 Dodging
 + Level 3.1 Unarmed Combat
 + Level 2.2 Spellcasting
 * Level 2.9 Transmutations


You had 5 spell levels left.
You knew the following spells:

 Your Spells              Type           Power        Failure   Level  Hunger
a - Beastly Appendage     Trmt           #.....       10%         1    #......


Dungeon Overview and Level Annotations

Branches:
Dungeon (2/15)

Altars:

Annotations:
D:1 exclusion: gnoll


Innate Abilities, Weirdness & Mutations

You cannot wear armour.
You are incapable of wielding weapons or throwing items.
You have sharp claws.
You have razor-sharp teeth.
You have supernaturally acute eyesight.
You are carnivorous and can eat meat at any time.
You cover ground quickly.
You are covered in fur (AC +1).
You have a slow metabolism.
Your sharp claws are effective at attacking unaware monsters.
You have a pair of horns on your head.


Message History

You are lethally poisoned!
The adder poisons you! The adder bites you.
A jackal comes into view.
You barely miss the adder.
The jackal barks!
You headbutt the adder, but do no damage.
Your claw misses the adder.
The adder is severely wounded.
You feel sick. The adder misses you.
A jackal comes into view.
The jackal barks!
You scratch the adder. Your headbutt misses the adder.
The adder is almost dead.
The adder bites you.
Unknown command.
You barely miss the adder.
The adder is almost dead.
* * * LOW HITPOINT WARNING * * *
You feel sick. The adder bites you.
You die...

#.#.#.#####..# #>
#.#.#........# #.
#.#.#...###..####.
#.#.##..# #.......
#...##..# #..)####
#.#.##..###.).#
#.#...........#
#.####..###...#
#######@.....>......#
...hh..S......#####.#
.######.###.### #.#
#.# #.# #..
######.###.##
#...........#####
#.####...........
##.# ####.(...##
##.%.#####.......#


You could see an adder and 2 jackals.

Vanquished Creatures
  A giant gecko (D:2)
  2 bats (D:1)
  6 hobgoblins
  4 jackals (D:1)
  5 kobolds
  2 giant cockroaches
  2 goblins (D:1)
  3 rats (D:1)
25 creatures vanquished.

Notes
Turn   | Place    | Note
--------------------------------------------------------------
     0 | D:1      | oplop the Felid Transmuter began the quest for the Orb.
     0 | D:1      | Reached XP level 1. HP: 9/9 MP: 4/4
    48 | D:1      | Reached XP level 2. HP: 6/12 MP: 6/6
   760 | D:2      | Reached XP level 3. HP: 15/15 MP: 5/7
   820 | D:2      | Slain by an adder

Action                   || total
-------------------------++-------
Melee: Unarmed           ||    54
 Cast: Beastly Appendage ||    14
 Stab: Sleeping          ||     1
